cohdb
Replays
Latest Replays
All Replays
Popular Replays
Top Player Replays
Match Explorer
How It Works
Community
CoH3 Stats
Reddit
Sign in to upload your games and track your stats! →
Sign in with Steam
Match 28210849
Unlisted
Match 28210849
Overview
Messages
Build Orders
End
Construct Section Command Post
Selects Heavy Armor Battlegroup
Infantry Section
Dingo Light Scout Car
Infantry Section
Infantry Section
Grenade Package
ML 3-inch Mortar Team
Construct Field Infirmary
Selects Engineer Detachments
Selects Light Vehicle Withdraw and Refit
Construct Platoon Command Post
Selects Light Vehicle Withdraw and Refit
Selects Radio Net
6-pounder Anti-tank Gun Team
Humber Armored Car
Wrathment
( _ )
0
0
Comments
sign in to comment!
No comments posted yet!